AoeStats
← lbaquino21

Arena

508867299Analyzed
1v1 RM · 6d ago on Sep 24, 2026· 19m 44s· 2 players
Game mode
Random Map
Map size
Tiny (2 player)
Population
200
Speed
Normal
Resources
Standard
Victory
Conquest
Starting age
Dark Age
Ending age
Imperial Age
RankedLock teamsTeams togetherTeam positionsShared explorationLock speedFull tech treeHidden civsTurbo modeCheats
Victory
Defeat
🇬🇧 Spanish · United Kingdom
970
+13
🇧🇷 Varangians · Brazil
899
-38
lbaquino21
8:49 Loom
12:51 Feudal Age
15:16 Wheelbarrow
14:29 Horse Collar
14:38 Double-Bit Axe
15:52 Forging
18:04 Man-at-Arms
AK1012560
7:17 Loom
12:34 Feudal Age
16:15 Castle Age
14:50 Horse Collar
14:58 Loom
17:22 Fletching
Connection lost

Rejoining the realm…

Still unreachable

The connection could not be restored.

Session expired

The server has moved on; the page needs a fresh start.